 Dungeon Crawl Stone Soup version 0.29.1-15-g9cfb28693d (webtiles) character file.

Game seed: 1702617395145849899

15514 protoss039 the Unseen (level 12, -8/75 HPs)
             Began as a Vampire Enchanter on Mar 29, 2023.
             Was a Priest of Dithmenos.
             Shot with a bolt by a yaktaur (12 damage)
             ... on level 13 of the Dungeon.
             The game lasted 00:41:28 (13754 turns).

protoss039 the Unseen (Vampire Enchanter)          Turns: 13754, Time: 00:41:28

Health: -8/75      AC: 12    Str:  7    XL:     12   Next: 1%
Magic:  0/29       EV: 20    Int: 14    God:    Dithmenos [***...]
Gold:   597        SH:  0    Dex: 24    Spells: 11/22 levels left

rFire   . . .      SeeInvis +   o - +2 dagger of Gozag's Pride {vorpal, rPois rN+ Will+ MP+9 Int-5}
rCold   + + .      Faith    .   (no shield)
rNeg    + + +      Spirit   +   w - +3 steam dragon scales
rPois   ∞          Reflect  .   I - +2 helmet
rElec   .          Harm     .   b - +0 cloak
rCorr   .          Rampage  .   (no gloves)
Will    ++...                   (no boots) Stlth **++++++++
                                n - amulet of guardian spirit
HPRegen 0.00/turn               J - ring of wizardry
MPRegen 0.21/turn               N - +6 ring of dexterity

@: mighty, bloodless, inhibited regen, wreathed by umbra
A: bloodless, fangs 3, see invisible, vampiric 2
a: Bat Form, Revivify, Renounce Religion, Shadow Step


You were on level 13 of the Dungeon.
You worshipped Dithmenos.
Dithmenos was most pleased with you.
You visited 2 branches of the dungeon, and saw 14 of its levels.

You collected 597 gold pieces.

Inventory:

Hand Weapons
 o - the +2 dagger of Gozag's Pride (weapon) {vorpal, rPois rN+ Will+ MP+9 Int-5}
   (You found it on level 3 of the Dungeon)

   It inflicts extra damage upon your enemies.
   Int:       It affects your intelligence (-5).
   rPois:     It protects you from poison.
   rN:        It protects you from negative energy.
   MP:        It affects your magic capacity (+9).
   Will:      It increases your willpower.
 u - a +4 dagger of draining
 O - a +0 dagger of venom
Missiles
 h - 39 poisoned darts (quivered)
 A - 2 curare-tipped darts
 B - a throwing net
Armour
 b - a +0 cloak (worn)
 w - +3 steam dragon scales (worn)
 z - the +1 robe "Mosk" {rElec}
   (You found it on level 8 of the Dungeon)

   rElec:     It insulates you from electricity.
 F - a +2 robe of willpower
 I - a +2 helmet (worn)
Jewellery
 n - an amulet of guardian spirit (around neck)
 C - a ring of protection from fire
 J - a ring of wizardry (left hand)
 N - a +6 ring of dexterity (right hand)
Wands
 c - a wand of polymorph (12)
 s - a wand of roots (2)
 y - a wand of flame (43)
 H - a wand of paralysis (5)
Scrolls
 f - a scroll of identify
 j - 4 scrolls of teleportation
 m - 2 scrolls of poison
 p - a scroll of amnesia
 r - 2 scrolls of butterflies
 t - a scroll of fear
 v - a scroll of blinking
 x - 3 scrolls of magic mapping
 G - 2 scrolls of brand weapon
 K - 3 scrolls of torment
Potions
 a - a potion of heal wounds
 d - a potion of brilliance
 e - a potion of resistance {unknown}
 g - a potion of might
 i - a potion of magic {unknown}
 k - 2 potions of ambrosia {unknown}
 l - 4 potions of lignification
 q - 4 potions of mutation
 D - 2 potions of flight
 E - a potion of curing
 L - a potion of haste


   Skills:
 + Level 8.5 Fighting
 + Level 5.2 Short Blades
 + Level 9.0 Dodging
 + Level 15.4 Stealth
 + Level 5.7 Spellcasting
 - Level 3.0 Conjurations
 + Level 7.0 Hexes
 - Level 3.0 Ice Magic
 * Level 6.2 Invocations


You had 11 spell levels left.
You knew the following spells:

 Your Spells              Type           Power      Damage    Failure   Level
a - Ensorcelled Hibernat  Hex/Ice        36%        N/A       1%          2
b - Confusing Touch       Hex            23%        N/A       1%          3
c - Tukima's Dance        Hex            23%        N/A       1%          3
d - Dazzling Flash        Conj/Hex       36%        N/A       2%          3

Your spell library contained the following spells:

 Spells                   Type           Power      Damage    Failure   Level
 Portal Projectile        Hex/Tloc       26%        N/A       4%          3
 Static Discharge         Conj/Air       8%         3-4/arc   5%          2
 Sting                    Tmut/Pois      16%        1d3       6%          1
 Ozocubu's Armour         Ice            12%        N/A       6%          3
 Blink                    Tloc           8%         N/A       10%         2
 Poisonous Vapours        Pois/Air       8%         N/A       10%         2
 Leda's Liquefaction      Hex/Erth       6%         N/A       16%         4
 Call Canine Familiar     Summ           4%         N/A       19%         3
 Gell's Gravitas          Tloc           4%         N/A       19%         3
 Lesser Beckoning         Tloc           4%         N/A       19%         3
 Teleport Other           Tloc           4%         N/A       19%         3
 Metabolic Englaciation   Hex/Ice        9%         N/A       22%         5
 Yara's Violent Unravell  Hex/Tmut       6%         3d5       38%         5
 Olgreb's Toxic Radiance  Pois           4%         N/A       52%         4
 Lightning Bolt           Conj/Air       4%         1d15      65%         5
 Manifold Assault         Tloc           4%         N/A       85%         5
 Enfeeble                 Hex            11%        N/A       95%         7
 Simulacrum               Ice/Necr       4%         N/A       99%         6
 Storm Form               Tmut/Air       2%         N/A       100%        7
 Maxwell's Capacitive Co  Air            2%         ∞         100%        8


Dungeon Overview and Level Annotations

Branches:
Dungeon (13/15) Zot: 26930  Temple (1/1) D:7 Zot: 5779    Lair (0/5) D:8
    Orc (0/2) D:9
 Vaults: D:13-14

Altars:
Ashenzari
Cheibriados
Dithmenos
Fedhas
Gozag
Hepliaklqana
Kikubaaqudgha
Makhleb
Nemelex Xobeh
Okawaru
Qazlal
Ru
Sif Muna
Trog
Uskayaw
Vehumet
Wu Jian
Xom
Yredelemnul

Shops:
D:5 *


Innate Abilities, Weirdness & Mutations

You do not regenerate when monsters are visible.
You are frail without blood (-20% HP).
You can heal yourself when you bite living creatures.
You are immune to poison.
You have razor-sharp teeth.
You have supernaturally acute eyesight. (SInv)
You are afflicted with vampirism and can become a bat while bloodless.


Message History

Unknown command.
Unknown command.
Casting: Ensorcelled Hibernation (safe; 1% risk of failure)
Confirm with . or Enter, or press ? or * to list all spells.
Aiming: Ensorcelled Hibernation (safe; 1% risk of failure)
Press: ? - help, Shift-Dir - straight line, f - yaktaur
Aim: a yaktaur (umbra, chance to affect: 33%)
The yaktaur easily resists.
The yaktaur misses you.
The yaktaur shoots a bolt.
The bolt misses you.
The yaktaur shoots a bolt.
The bolt hits you!!
Unknown command.
Casting: Ensorcelled Hibernation (safe; 1% risk of failure)
Confirm with . or Enter, or press ? or * to list all spells.
Aiming: Ensorcelled Hibernation (safe; 1% risk of failure)
Press: ? - help, Shift-Dir - straight line, f/p - yaktaur
Aim: a yaktaur (umbra, chance to affect: 33%)
The yaktaur easily resists.
The yaktaur misses you.
The yaktaur shoots a bolt.
The bolt barely misses you.
The yaktaur shoots a bolt.
The bolt hits you!!
Unknown command.
Casting: Ensorcelled Hibernation (safe; 1% risk of failure)
Confirm with . or Enter, or press ? or * to list all spells.
You don't have enough magic to cast this spell.
Unknown command.
As you read the scroll of butterflies, it crumbles to dust.
You hear the tinkle of a tiny bell.
The yaktaur hits you but does no damage.
The yaktaur unwields a +0 arbalest.
The yaktaur hits your butterfly!
Your butterfly dies!
Your butterfly disappears in a burst of colours!
The yaktaur shoots a bolt.
The bolt hits you!!
* * * LOW HITPOINT WARNING * * *
Unknown command.
You swap places.
The yaktaur wields a +0 arbalest.
The yaktaur shoots a bolt.
The bolt completely misses you. The bolt hits your butterfly!
Your butterfly dies!
Your butterfly disappears in a burst of colours!
The yaktaur hits your butterfly!
Your butterfly dies!
Your butterfly disappears in a burst of colours!
The yaktaur shoots a bolt.
The bolt hits you!
You die...

#..........<.....
#................
#................
#..............†.
#................
#.............†..
#########.b..............
.....c).bb.b.............
.>...cc)@.b..............
#########................
#................
#..#######..##### #..#
#..# #..# #..# ..# #..#
..# #..#


You could see 3 yaktaurs.

Vanquished Creatures
  2 hydras
  The ghost of MrClown the Merchant of Misery, a journeyman DsNe of Kikubaaqudgha (D:10)
  A centaur warrior (D:13)
  2 two-headed ogres
  An ugly thing (D:12)
  A cyclops (D:11)
  Joseph (D:9)
  2 unseen horrors (D:12)
  A komodo dragon (D:12)
  2 trolls
  A polar bear (shapeshifter) (D:13)
  A hornet (D:4)
  Sigmund (D:2)
  4 wraiths
  A shadow (D:10)
  2 vampires (D:12)
  11 yaks
  A wyvern (D:8)
  2 basilisks
  A golden eye (shapeshifter) (D:13)
  2 steam dragons (D:8)
  6 vampire mosquitoes
  A dancing weapon (D:7)
  An acid dragon (D:12)
  2 water moccasins
  3 black bears
  A sky beast (D:7)
  4 orc warriors
  3 ice beasts
  An ogre (D:6)
  5 centaurs
  A phantom (D:6)
  6 kobold brigands
  Blork the orc (D:6)
  A bullfrog (D:7)
  3 scorpions
  2 necrophages
  9 wights
  14 killer bees
  A howler monkey (D:12)
  4 hounds
  A lava snake (D:10)
  4 orc priests
  A jelly (D:7)
  2 gnoll boudas (D:7)
  Crazy Yiuf (D:3)
  Jessica (D:3)
  4 iguanas
  Natasha (thrice) (D:4)
  12 orc wizards
  A mummy (D:4)
  8 gnolls (D:7)
  3 adders
  2 white imps
  2 dart slugs
  36 orcs
  9 ball pythons
  7 bats
  5 endoplasms
  14 hobgoblins
  A jackal (D:1)
  2 quokkas
  2 frilled lizards
  9 goblins
  18 kobolds
  3 rats
261 creatures vanquished.

Vanquished Creatures (collateral kills)
  3 wights
3 creatures vanquished.

Vanquished Creatures (others)
  2 dancing weapons (D:7)
  3 kobolds (D:8)
5 creatures vanquished.

Grand Total: 269 creatures vanquished

Notes
Turn   | Place    | Note
-------+----------+-------------------------------------------
     0 | D:1      | protoss039 the Vampire Enchanter began the quest for the
                  | Orb.
     0 | D:1      | Reached XP level 1. HP: 13/13 MP: 3/3
   228 | D:1      | You fall into a shaft and drop 1 floor!
   238 | D:2      | Reached XP level 2. HP: 16/16 MP: 5/5
   279 | D:2      | Learned a level 2 spell: Ensorcelled Hibernation
   304 | D:2      | Found a faded altar of an unknown god.
   373 | D:2      | Noticed Sigmund
   726 | D:1      | Reached skill level 5 in Stealth
   939 | D:1      | Reached skill level 1 in Fighting
  1508 | D:2      | Gained mutation: You are afflicted with vampirism and can
                  | become a bat while bloodless. [Vampire growth]
  1508 | D:2      | Reached XP level 3. HP: 20/20 MP: 6/6
  1726 | D:2      | Learned a level 3 spell: Confusing Touch
  2119 | D:2      | Killed Sigmund
  2120 | D:2      | Reached skill level 6 in Stealth
  2120 | D:2      | Reached skill level 5 in Hexes
  2120 | D:2      | Reached XP level 4. HP: 26/26 MP: 0/7
  2120 | D:2      | Reached XP level 5. HP: 30/30 MP: 0/8
  2124 | D:2      | Learned a level 3 spell: Tukima's Dance
  2273 | D:3      | Identified the +2 dagger of Gozag's Pride {vorpal, rPois
                  | rN+ Will+ MP+9 Int-5}
  2927 | D:3      | Noticed Jessica
  2937 | D:3      | Killed Jessica
  2992 | D:3      | Found a runed translucent door.
  2993 | D:3      | Noticed Crazy Yiuf
  3589 | D:3      | Killed Crazy Yiuf
  3590 | D:3      | Reached XP level 6. HP: 36/36 MP: 10/10
  3834 | D:4      | Noticed Natasha
  3840 | D:4      | Killed Natasha
  3867 | D:4      | Found a snail-covered altar of Cheibriados.
  3901 | D:4      | Reached skill level 7 in Stealth
  3950 | D:4      | Reached XP level 7. HP: 41/41 MP: 11/11
  4081 | D:4      | Noticed Natasha
  4349 | D:4      | Found a snail-covered altar of Cheibriados.
  4481 | D:4      | Killed Natasha
  4630 | D:4      | Noticed Natasha
  4640 | D:4      | Killed Natasha
  4742 | D:4      | Reached skill level 8 in Stealth
  4750 | D:4      | Noticed a hornet
  4753 | D:4      | Killed a hornet
  4869 | D:4      | Learned a level 3 spell: Dazzling Flash
  4876 | D:5      | Entered Level 5 of the Dungeon
  4924 | D:5      | Reached skill level 9 in Stealth
  4924 | D:5      | Reached XP level 8. HP: 48/48 MP: 12/12
  5380 | D:5      | Found Nymokk's Serpentskin Sales.
  5783 | D:6      | Reached skill level 5 in Fighting
  5927 | D:6      | Reached skill level 10 in Stealth
  6095 | D:6      | Reached skill level 5 in Dodging
  6316 | D:6      | Noticed Blork the orc
  6318 | D:6      | Killed Blork the orc
  6373 | D:6      | Reached skill level 11 in Stealth
  6567 | D:7      | Reached XP level 9. HP: 52/55 MP: 13/13
  6614 | D:7      | Found a staircase to the Ecumenical Temple.
  6667 | Temple   | Entered the Ecumenical Temple
  6875 | Temple   | Became a worshipper of Dithmenos the Shadowed
  7541 | D:7      | Reached skill level 1 in Invocations
  7615 | D:7      | Found a hide-covered altar of Uskayaw.
  7649 | D:7      | Reached skill level 12 in Stealth
  7888 | D:7      | Reached skill level 1 in Ice Magic
  8374 | D:7      | Reached * piety under Dithmenos
  8389 | D:7      | Reached skill level 1 in Conjurations
  8574 | D:8      | Found a staircase to the Lair.
  9137 | D:8      | HP: 2/57 [steam dragon] (4)]
  9417 | D:8      | Found a shimmering altar of Xom.
  9535 | D:8      | Identified the +1 robe "Mosk" {rElec}
 10018 | D:9      | Noticed a troll
 10020 | D:9      | Killed a troll
 10021 | D:9      | Reached skill level 13 in Stealth
 10021 | D:9      | Reached XP level 10. HP: 63/63 MP: 14/14
 10041 | D:9      | Found a staircase to the Orcish Mines.
 10226 | D:9      | Reached ** piety under Dithmenos
 10413 | D:9      | Noticed Joseph
 10445 | D:9      | Killed Joseph
 10836 | D:9      | Found a hazy altar of Hepliaklqana.
 11111 | D:10     | Entered Level 10 of the Dungeon
 11459 | D:10     | Reached skill level 14 in Stealth
 11557 | D:10     | Noticed a two-headed ogre
 11563 | D:10     | Killed a two-headed ogre
 11594 | D:10     | Reached XP level 11. HP: 68/68 MP: 17/17
 11668 | D:10     | Found a runed translucent door.
 11671 | D:10     | Noticed MrClown's ghost (journeyman DsNe)
 12144 | D:10     | Killed MrClown's ghost
 12145 | D:10     | Reached skill level 5 in Invocations
 12469 | D:11     | Reached *** piety under Dithmenos
 12723 | D:11     | Reached skill level 5 in Spellcasting
 12855 | D:11     | Noticed an eight-headed hydra
 12858 | D:11     | Killed an eight-headed hydra
 13005 | D:12     | Noticed an eight-headed hydra
 13012 | D:12     | Killed an eight-headed hydra
 13131 | D:12     | Noticed a purple ugly thing
 13139 | D:12     | Killed a purple ugly thing
 13155 | D:12     | Noticed a two-headed ogre
 13161 | D:12     | Killed a two-headed ogre
 13162 | D:12     | Reached skill level 15 in Stealth
 13700 | D:13     | Reached skill level 5 in Short Blades
 13725 | D:13     | Noticed a centaur warrior
 13745 | D:13     | Killed a centaur warrior
 13746 | D:13     | Reached XP level 12. HP: 57/75 MP: 7/20
 13754 | D:13     | Shot with a bolt by a yaktaur

Illustrated notes

Levels and vault maps discovered:
D:1:      erik_arrival_cave_to_civilisation [erik_arrival_cave_to_hall],
          layout_basic
D:2:      layout_loops_cross, hellmonk_ecumenical_altar_pennies_from_heaven,
          kennysheep_cross_bottleneck, uniq_sigmund
D:3:      corexii_shack_village, layout_loops_ring, minivault_26, st_stairs_11,
          uniq_crazy_yiuf_cottage, uniq_jessica
D:4:      cheibrodos_barr_body, layout_basic, slow_altar_1, kennysheep_doodads,
          kennysheep_diamond, st_stairs_12, nicolae_kite_square_tiling_tiny,
          roderic_serpentine_path, uniq_natasha
D:5:      layout_basic, guppyfry_shop_venom
D:6:      layout_loops_cross, tso_oasis_becter, uniq_blork_the_orc
D:7:      layout_loops_cross, mainiacjoe_overflow_tiny_flanked, temple_doors_e,
          enter_bailey_4, nicolae_zen_rock_garden, grunt_decor_clamped,
          kennysheep_generic_room_4
D:8:      layout_cave_pools, mainiacjoe_overflow_surrounded_room,
          kennysheep_little_box, lair_entry_dummy
D:9:      minmay_spotlight, layout_basic, nzn_hepliaklqana_mist_gate,
          uniq_joseph
D:10:     layout_big_octagon, hellmonk_ghost_happy_afterlife
D:11:     layout_roguey
D:12:     layout_cave_pools, minmay_strange_pillars
D:13:     layout_small_grid, lightli_vaults_fourway_checkpoint, uniq_josephine,
          uniq_jorgrun, uniq_sonja
Temple:   nicolae_temple_elliptical

Skill      XL: |  1  2  3  4  5  6  7  8  9 10 11 12 |
---------------+-------------------------------------+-----
Stealth        | 5 6 7 9 11 13 14 15 | 15.4
Fighting       | 1 2 3 4 6 7 8 |  8.5
Short Blades   | 2 3 5 |  5.2
Hexes          | 5 6 7 |  7.0
Dodging        | 3 4 5 6 7 8 9 |  9.0
Spellcasting   | 3 4 5 |  5.7
Invocations    | 3 4 6 |  6.2
Ice Magic      | 2 3 |  3.0
Conjurations   | 1 3 |  3.0

Action                   |  1- 3 |  4- 6 |  7- 9 | 10-12 || total
-------------------------+-------+-------+-------+-------++-------
Melee: Dagger            |    43 |    86 |   269 |   198 ||   596
       Bite              |     1 |    10 |    22 |    16 ||    49
       Punch             |       |     1 |     2 |     1 ||     4
 Cast: Ensorcelled Hiber |     4 |    13 |    81 |    38 ||   136
       Confusing Touch   |       |     1 |    14 |    15 ||    30
       Tukima's Dance    |       |       |     9 |     5 ||    14
       Dazzling Flash    |       |       |       |     6 ||     6
Invok: Shadow Step       |       |       |       |     1 ||     1
 Abil: Exsanguinate      |     1 |       |       |       ||     1
Evoke: Wand              |       |       |     2 |     1 ||     3
  Use: Potion            |     3 |       |     6 |     1 ||    10
       Scroll            |     1 |     1 |    17 |    11 ||    30
 Stab: Sleeping          |    15 |    34 |    72 |    66 ||   187
       Invisible         |     2 |       |       |     4 ||     6
       Confused          |       |     1 |    11 |     9 ||    21
Armor: Robe              |     3 |    11 |    47 |       ||    61
       Steam dragon scal |       |       |     1 |    63 ||    64
Dodge: Dodged            |    14 |    35 |   216 |   254 ||   519
